 Dungeon Crawl Stone Soup version 0.26.1-11-gd32895ea62 (webtiles) character file.

Game seed: 11755201387415038516

1142 Hugehornet the Shield-Bearer (level 8, -4/67 HPs)
             Began as a Gnoll Fighter on July 18, 2021.
             Slain by Harold
             ... wielding a +0 dire flail
              (11 damage)
             ... on level 7 of the Dungeon.
             The game lasted 00:09:31 (3902 turns).

Hugehornet the Shield-Bearer (Gnoll Fighter)        Turns: 3902, Time: 00:09:32

Health: -4/67      AC: 17    Str: 24    XL:     8   Next: 37%
Magic:  12/12      EV:  7    Int: 12    God:
Gold:   280        SH: 11    Dex: 16    Spells: 13/13 levels left

rFire    . . .     SeeInvis .   D - +1 short sword (elec)
rCold    . . .     Faith    .   c - +0 kite shield
rNeg     . . .     Spirit   .   x - +0 plate armour
rPois    .         Reflect  .   k - +0 helmet
rElec    .         Harm     .   p - +0 cloak
rCorr    .         Rampage  .   e - +0 pair of gloves
Will     .....                  (no boots)
Stlth    ..........             (no amulet)
HPRegen  0.21/turn              y - +6 ring of strength
MPRegen  0.13/turn              (no ring)

@: lethally poisoned (-4 -> -8), marked
A: distributed training, fangs 1, strong nose
a: no special abilities


You were on level 7 of the Dungeon.
You visited 1 branch of the dungeon, and saw 5 of its levels.

You collected 280 gold pieces.

Inventory:

Hand Weapons
 a - a +0 war axe
 j - a +0 whip
 s - a +2 dagger of venom
 u - a +0 falchion
 C - a +1 spear of freezing
 D - a +1 short sword of electrocution (weapon)
Armour
 b - a +0 scale mail
 c - a +0 kite shield (worn)
 e - a +0 pair of gloves (worn)
 k - a +0 helmet (worn)
 p - a +0 cloak (worn)
 t - a +0 chain mail
 x - a +0 plate armour (worn)
Jewellery
 y - a +6 ring of strength (left hand)
Wands
 r - a wand of flame (37)
Scrolls
 f - 4 scrolls of identify
 i - a scroll of teleportation
 n - 2 scrolls of fear {unknown}
 o - a scroll of remove curse {unknown}
 q - 2 scrolls of amnesia {unknown}
 A - a scroll of random uselessness {unknown}
 B - a scroll of magic mapping {unknown}
Potions
 d - a potion of might
 g - 2 potions of haste {unknown}
 h - 2 potions of heal wounds {unknown}
 l - 4 potions of cancellation
 m - 3 potions of lignification
 w - a potion of invisibility {unknown}
 z - 2 potions of attraction {unknown}


   Skills:
 + Level 7.3 Fighting
 + Level 3.2 Short Blades
 + Level 3.2 Long Blades
 + Level 5.6 Axes
 + Level 3.2 Maces & Flails
 + Level 3.2 Polearms
 + Level 3.2 Staves
 + Level 3.2 Slings
 + Level 3.2 Bows
 + Level 3.2 Crossbows
 + Level 3.2 Throwing
 + Level 7.3 Armour
 + Level 3.2 Dodging
 + Level 3.2 Stealth
 + Level 7.3 Shields
 + Level 3.2 Unarmed Combat
 + Level 3.2 Spellcasting
 + Level 2.6 Conjurations
 + Level 2.6 Hexes
 + Level 2.6 Summonings
 + Level 2.6 Necromancy
 + Level 2.6 Translocations
 + Level 2.6 Transmutations
 + Level 2.6 Fire Magic
 + Level 2.6 Ice Magic
 + Level 2.6 Air Magic
 + Level 2.6 Earth Magic
 + Level 2.6 Poison Magic
 + Level 3.5 Invocations
 + Level 3.2 Evocations


You had 13 spell levels left.
You didn't know any spells.
Your spell library contained the following spells:

 Spells                   Type           Power        Failure   Level
 Beastly Appendage        Tmut           16%          96%         1
 Wereblood                Tmut           8%           99%         2
 Spider Form              Tmut/Pois      4%           100%        3
 Ice Form                 Ice/Tmut       8%           100%        4
 Blade Hands              Tmut           4%           100%        5


Dungeon Overview and Level Annotations

Branches:
Dungeon (7/15)
 Temple: D:4-7

Altars:
Cheibriados
Qazlal
Ru
Vehumet
Wu Jian

Annotations:
D:7 exclusion: statue, Harold


Innate Abilities, Weirdness & Mutations

Your experience applies equally to all skills.
You have very sharp teeth.
Your uncanny sense of smell can sniff out nearby items.


Message History

You hit the scorpion. Your bite misses the scorpion.
The scorpion is moderately wounded.
Harold barely misses you. The scorpion stings you.
* * * LOW HITPOINT WARNING * * *
You feel better.
The ufetubus hits you but does no damage.
You block the ufetubus's attack.
A gnoll comes into view.
It is wielding a +0 flail and quivering 2 atropa-tipped darts.
The scorpion stings you but does no damage.
Harold hits you with a +0 dire flail!
* * * LOW HITPOINT WARNING * * *
You block something's attack. x2
You feel better. The ufetubus barely misses you.
You block the ufetubus's attack.
A gnoll comes into view. It is wielding a +0 spear.
The scorpion stings you.
* * * LOW HITPOINT WARNING * * *
You are poisoned.
The scorpion poisons you! Harold hits you with a +0 dire flail!
You die...

#.... ##..........#
#...o.##.......##..#
...g<........y..#
....#......?..o..(...##
....# ........o.........
....# ∆$...#...o..........
....#.....>......>....###.
.o..#..........5.....##
#.........g....s@.....#
#.o..#..........@.....#
.#.........##.........#
......... .<.........#
..####### ##..........#
..# ###.........# ###
#......##.# # #..#.### ..
#


You could see Harold, an orc warrior, a scorpion, a killer bee, an orc wizard, 2
gnolls, 2 orcs and an ufetubus.

Vanquished Creatures
  Grinder (D:3)
  A phantom (D:4)
  An ogre (D:4)
  4 killer bees (D:7)
  3 wights (D:7)
  A howler monkey (D:7)
  An orc wizard (D:4)
  An orc priest (D:7)
  Crazy Yiuf (D:2)
  Jessica (D:2)
  2 worker ants (D:4)
  A worker ant zombie (D:7)
  Robin (D:2)
  6 adders
  4 gnolls (D:4)
  An ufetubus (D:7)
  An ooze (D:1)
  3 worms
  4 dart slugs
  A leopard gecko (D:3)
  15 orcs
  A ball python (D:7)
  4 bats
  A giant cockroach (D:4)
  23 goblins
  16 hobgoblins
  9 jackals
  6 quokkas
  6 frilled lizards
  7 kobolds
  A leopard gecko skeleton (D:4)
  A quokka skeleton (D:4)
  8 rats
137 creatures vanquished.

Notes
Turn   | Place    | Note
-------+----------+-------------------------------------------
     0 | D:1      | Hugehornet the Gnoll Fighter began the quest for the Orb.
     0 | D:1      | Reached XP level 1. HP: 23/23 MP: 1/1
   261 | D:1      | Reached XP level 2. HP: 28/29 MP: 2/2
   296 | D:1      | Reached XP level 3. HP: 34/35 MP: 3/3
   656 | D:2      | Found a snail-covered altar of Cheibriados.
   802 | D:2      | Reached skill level 1 in Invocations
   889 | D:2      | Noticed Jessica
   898 | D:2      | Killed Jessica
   899 | D:2      | Reached skill level 1 in Short Blades
   899 | D:2      | Reached skill level 1 in Long Blades
   899 | D:2      | Reached skill level 1 in Maces & Flails
   899 | D:2      | Reached skill level 1 in Polearms
   899 | D:2      | Reached skill level 1 in Staves
   899 | D:2      | Reached skill level 1 in Slings
   899 | D:2      | Reached skill level 1 in Bows
   899 | D:2      | Reached skill level 1 in Crossbows
   899 | D:2      | Reached skill level 1 in Throwing
   899 | D:2      | Reached skill level 1 in Dodging
   899 | D:2      | Reached skill level 1 in Stealth
   899 | D:2      | Reached skill level 1 in Unarmed Combat
   899 | D:2      | Reached skill level 1 in Spellcasting
   899 | D:2      | Reached skill level 1 in Evocations
   899 | D:2      | Reached XP level 4. HP: 37/41 MP: 5/5
  1007 | D:2      | Noticed Robin
  1022 | D:2      | Reached skill level 1 in Conjurations
  1022 | D:2      | Reached skill level 1 in Hexes
  1022 | D:2      | Reached skill level 1 in Summonings
  1022 | D:2      | Reached skill level 1 in Necromancy
  1022 | D:2      | Reached skill level 1 in Translocations
  1022 | D:2      | Reached skill level 1 in Transmutations
  1022 | D:2      | Reached skill level 1 in Fire Magic
  1022 | D:2      | Reached skill level 1 in Ice Magic
  1022 | D:2      | Reached skill level 1 in Air Magic
  1022 | D:2      | Reached skill level 1 in Earth Magic
  1022 | D:2      | Reached skill level 1 in Poison Magic
  1035 | D:2      | Killed Robin
  1290 | D:2      | Found a runed translucent door.
  1291 | D:2      | Noticed Crazy Yiuf
  1373 | D:2      | Reached XP level 5. HP: 46/47 MP: 6/6
  1739 | D:2      | Killed Crazy Yiuf
  2150 | D:3      | Noticed Grinder
  2168 | D:3      | Paralysed by Grinder for 3 turns
  2185 | D:3      | Killed Grinder
  2186 | D:3      | Reached skill level 5 in Axes
  2186 | D:3      | Reached XP level 6. HP: 31/53 MP: 7/9
  2419 | D:3      | Found a sacrificial altar of Ru.
  2910 | D:4      | Reached XP level 7. HP: 51/59 MP: 10/10
  3134 | D:4      | Found a stormy altar of Qazlal.
  3134 | D:4      | Noticed a fire elemental
  3139 | D:4      | Noticed an air elemental
  3139 | D:4      | Noticed a water elemental
  3762 | D:4      | You fall into a shaft and drop 3 floors!
  3766 | D:7      | Found a radiant altar of Vehumet.
  3785 | D:7      | Reached XP level 8. HP: 43/67 MP: 12/12
  3834 | D:7      | Found an ornate altar of the Wu Jian Council.
  3887 | D:7      | Noticed a vampire
  3895 | D:7      | Noticed Harold
  3900 | D:7      | HP: 3/67 [scorpion (3)]
  3902 | D:7      | Slain by Harold

Illustrated notes

Levels and vault maps discovered:
D:1:      dpeg_arrival_more_subterranean_lakeside_camping, layout_basic,
          minivault_19
D:2:      layout_basic, lemuel_round_altar, kennysheep_generic_room_13,
          uniq_jessica, uniq_robin, uniq_crazy_yiuf_cottage
D:3:      cheibrodos_greedy_goblins, layout_loops_cross,
          nicolae_ru_awakened_eye, uniq_grinder
D:4:      cheibrodos_quashed, layout_loops_ring,
          nicolae_qazlal_style_of_elements
D:7:      layout_rooms, general_overflow_altar, vehumet_statue, uniq_harold

Skill      XL: |  1  2  3  4  5  6  7  8 |
---------------+-------------------------+-----
Invocations    | 1 2 3 |  3.5
Short Blades   | 1 2 3 |  3.2
Long Blades    | 1 2 3 |  3.2
Maces & Flails | 1 2 3 |  3.2
Polearms       | 1 2 3 |  3.2
Staves         | 1 2 3 |  3.2
Slings         | 1 2 3 |  3.2
Bows           | 1 2 3 |  3.2
Crossbows      | 1 2 3 |  3.2
Throwing       | 1 2 3 |  3.2
Dodging        | 1 2 3 |  3.2
Stealth        | 1 2 3 |  3.2
Unarmed Combat | 1 2 3 |  3.2
Spellcasting   | 1 2 3 |  3.2
Evocations     | 1 2 3 |  3.2
Conjurations   | 1 2 |  2.6
Hexes          | 1 2 |  2.6
Summonings     | 1 2 |  2.6
Necromancy     | 1 2 |  2.6
Translocations | 1 2 |  2.6
Transmutations | 1 2 |  2.6
Fire Magic     | 1 2 |  2.6
Ice Magic      | 1 2 |  2.6
Air Magic      | 1 2 |  2.6
Earth Magic    | 1 2 |  2.6
Poison Magic   | 1 2 |  2.6
Axes           | 5 |  5.6
Fighting       | 7 |  7.3
Armour         | 7 |  7.3
Shields        | 7 |  7.3

Action                   |  1- 3 |  4- 6 |  7- 9 || total
-------------------------+-------+-------+-------++-------
Melee: War axe           |    52 |   183 |    58 ||   293
       Bite              |     6 |    17 |    24 ||    47
       Short sword       |       |       |    72 ||    72
       Spear             |       |       |     4 ||     4
  Use: Potion            |       |     1 |     4 ||     5
       Scroll            |       |       |     4 ||     4
Armor: Scale mail        |    28 |    17 |       ||    45
       Chain mail        |       |    33 |       ||    33
       Skin              |       |     4 |       ||     4
       Plate armour      |       |    21 |   105 ||   126
Dodge: Dodged            |    14 |    39 |    64 ||   117
Block: Kite shield       |    34 |   112 |   143 ||   289
